Selects Italian Coastal Battlegroup
Construct Infanterie Kompanie
Construct Panzergrenadier Kompanie
Selects Artillery Officer
Construct Panzer Kompanie
Selects Designated Artillery Overwatch
Selects Designate Defensive Line
Selects Designated Artillery Overwatch
Selects Obice da 210/22 Artillery Emplacement
Designated Artillery Overwatch
Designated Artillery Overwatch
Designated Artillery Overwatch
Designated Artillery Overwatch